 Dungeon Crawl Stone Soup version 0.26.0-10-g1f06aea511 (webtiles) character file.

Game seed: 9057503813175685675

45 Leeroy the Grasshopper (level 3, 0/31 HPs)
             Began as a Palentonga Warper on Jan 30, 2021.
             Slain by a frilled lizard (2 damage)
             ... on level 2 of the Dungeon on Feb 5, 2021.
             The game lasted 00:03:55 (981 turns).

Leeroy the Grasshopper (Palentonga Warper)           Turns: 981, Time: 00:03:56

Health: 0/31       AC:  4    Str: 15    XL:     3   Next: 42%
Magic:  6/6        EV:  9    Int: 13    God:
Gold:   53         SH:  0    Dex:  9    Spells: 6/6 levels left

rFire    . . .     SeeInvis +   a - +0 falchion
rCold    + . .     Faith    .   (no shield)
rNeg     . . .     Spirit   .   b - +0 leather armour
rPois    .         Reflect  .   (no helmet)
rElec    .         Harm     .   (no cloak)
rCorr    .         Rampage  .   (no gloves)
Will     .....                  (no barding)
Stlth    +.........             (no amulet)
HPRegen  0.10/turn              h - ring of protection from cold
MPRegen  0.10/turn              (no ring)

@: attractive, hasted, very quick
A: large, rugged brown scales 3, see invisible, deformed body, roll 1, armoured
tail
a: Rolling Charge


You were on level 2 of the Dungeon.
You visited 1 branch of the dungeon, and saw 2 of its levels.

You collected 53 gold pieces.

Inventory:

Hand Weapons
 a - a +0 falchion (weapon)
 g - a +0 short sword
 k - a +1 vorpal hunting sling
 l - a +0 dagger
Missiles
 c - 36 arrows
 e - 3 boomerangs of dispersal (quivered)
Armour
 b - a +0 leather armour (worn)
Jewellery
 h - a ring of protection from cold (left hand)
Scrolls
 d - a scroll of blinking
 f - a scroll of fog {unknown}
Potions
 i - a potion of attraction


   Skills:
 - Level 2.0 Fighting
 + Level 3.0 Long Blades
 - Level 0.6 Throwing
 - Level 0.7 Armour
 - Level 2.0 Dodging
 - Level 2.0 Spellcasting
 - Level 3.5 Translocations


You had 6 spell levels left.
You didn't know any spells.
Your spell library contained the following spells:

 Spells                   Type           Power        Failure   Level
 Blink                    Tloc           N/A          11%         2
 Gell's Gravitas          Tloc           5%           22%         3
 Lesser Beckoning         Tloc           5%           22%         3
 Teleport Other           Tloc           10%          22%         3
 Passage of Golubria      Tloc           N/A          58%         4


Dungeon Overview and Level Annotations

Branches:
Dungeon (2/15)

Altars:


Innate Abilities, Weirdness & Mutations

You are completely covered in rugged brown scales. (AC +3, +7% HP)
You have supernaturally acute eyesight. (SInv)
Armour fits poorly on your strangely shaped body.
You can roll at nearby foes to attack.
You have a long armoured tail.


Message History

The adder is almost dead.
The frilled lizard barely misses you. The frilled lizard closely misses you.
The adder bites you but does no damage. The goblin completely misses you.
You hit the adder.
You kill the adder!
The frilled lizard bites you.
* * * LOW HITPOINT WARNING * * *
The frilled lizard closely misses you.
Your Long Blades skill increases to level 3!
You miss the frilled lizard.
The frilled lizard is severely wounded.
The goblin closely misses you. The frilled lizard barely misses you.
The frilled lizard bites you but does no damage.
Unknown command.
You barely miss the frilled lizard.
The frilled lizard is severely wounded.
The goblin hits you with a +0 dagger.
* * * LOW HITPOINT WARNING * * *
The frilled lizard bites you.
You die...

.......).........
.................
.................
...####....#.####
#.#####....#.#
#..........#.#
...###.....# #
###....l#.####
#.....l@.....#
......#.g.####.#
..#.#......#
.............
.............# .
...........#
.............
...#...$.####


You could see a goblin and 2 frilled lizards.

Vanquished Creatures
  An adder (D:2)
  2 dart slugs (D:1)
  2 leopard geckos
  3 giant cockroaches (D:1)
  4 goblins
  3 hobgoblins (D:1)
  A quokka (D:2)
  3 bats
  5 frilled lizards (D:1)
  2 kobolds (D:2)
  4 rats (D:1)
30 creatures vanquished.

Vanquished Creatures (others)
  A frilled lizard (D:1)
1 creature vanquished.

Grand Total: 31 creatures vanquished

Notes
Turn   | Place    | Note
-------+----------+-------------------------------------------
     0 | D:1      | Leeroy the Palentonga Warper began the quest for the Orb.
     0 | D:1      | Reached XP level 1. HP: 18/18 MP: 3/3
   121 | D:1      | Reached XP level 2. HP: 21/25 MP: 5/5
   704 | D:1      | Reached XP level 3. HP: 31/31 MP: 6/6
   981 | D:2      | Slain by a frilled lizard

Illustrated notes

Levels and vault maps discovered:
D:1:      wander_arrival_peaceful_grave, layout_rooms, serial_rivers,
          chequers_serial_rivers_micro_d, chequers_serial_rivers_micro_e,
          chequers_serial_rivers_room_a, chequers_serial_rivers_small_a,
          kennysheep_nondescript, chequers_big_river, minmay_lizard_pond
D:2:      layout_loops_cross, uniq_robin

Skill      XL: |  1  2  3 |
---------------+----------+-----
Dodging        | 2 |  2.0
Long Blades    | 3 |  3.0
Fighting       | |  2.0
Throwing       | |  0.6
Armour         | |  0.7
Spellcasting   | |  2.0
Translocations | |  3.5

Action                   || total
-------------------------++-------
Melee: Falchion          ||    87
       Tailslap          ||     5
Throw: Boomerang         ||     2
 Abil: Rolling Charge    ||     6
  Use: Potion            ||     2
Armor: Leather armour    ||    59
Dodge: Dodged            ||    93
       Rpst.: Falchion   ||    27
